 Dungeon Crawl Stone Soup version 0.31.0-9-g3a7656b989 (webtiles) character file.

Game seed: 4444056435522111017

13636 bobboooo the Severer (level 12, -3/105 HPs)
             Began as a Hill Orc Fighter on Feb 6, 2024.
             Was a High Priest of Zin.
             Slain by Frances
             ... wielding a +0 flail
              (5 damage)
             ... on level 11 of the Dungeon.
             The game lasted 00:51:14 (12730 turns).

bobboooo the Severer (Hill Orc Fighter)            Turns: 12730, Time: 00:51:15

Health: -3/105     AC: 27    Str: 22    XL:     12   Next: 8%
Magic:  0/12       EV:  8    Int: 10    God:    Zin [*****.]
Gold:   203        SH:  6    Dex: 13    Spells: 11/11 levels left

rFire   . . .        a - +5 war axe
rCold   . . .        c - +0 buckler
rNeg    . . .        r - +0 plate armour
rPois   .            D - +0 helmet
rElec   .            t - +1 cloak {Stlth+}
rCorr   +            u - +0 pair of gloves {Dex+3}
SInv    .            N - +2 pair of boots
Will    .....        k - amulet of guardian spirit Stlth
                     s - +4 ring of protection
HPRegen 0.37/turn    K - ring of resist corrosion
MPRegen 0.13/turn

%: guardian spirit
@: no status effects
A: no striking features
a: Renounce Religion, Recite, Vitalisation, Imprison, Sanctuary, Donate Gold


You were on level 11 of the Dungeon.
You worshipped Zin.
Zin was extremely pleased with you.
You visited 1 branch of the dungeon, and saw 12 of its levels.

You collected 867 gold pieces.
You spent 348 gold pieces at shops.
You donated 316 gold pieces to Zin.

Inventory:

Hand Weapons
 a - a +5 war axe (weapon)
Missiles
 F - 2 throwing nets (quivered)
Armour
 b - a +0 scale mail
 c - a +0 buckler (worn)
 q - a +0 chain mail
 r - a +0 plate armour (worn)
 t - a +1 cloak of stealth (worn)
 u - a +0 pair of gloves of dexterity (worn)
 y - +0 steam dragon scales
 D - a +0 helmet (worn)
 N - a +2 pair of boots (worn)
Jewellery
 j - a ring of magical power
 k - an amulet of guardian spirit (around neck)
 s - a +4 ring of protection (left hand)
 v - an amulet of the acrobat
 z - a ring of fire
 E - the ring "Axziof" {Wiz +Blink rElec Slay-6}
   (You found it on level 8 of the Dungeon)

   [ring of wizardry]

   Wiz:       It improves your spell success rate.
   Slay-6:    It affects your accuracy & damage with ranged weapons and melee
   (-6).
   rElec:     It insulates you from electricity.
   +Blink:    It lets you blink.
 K - a ring of resist corrosion (right hand)
Wands
 m - a wand of roots (21)
 x - a wand of quicksilver (25)
 G - a wand of paralysis (7)
 O - a wand of flame (8)
Scrolls
 f - 2 scrolls of revelation
 g - 6 scrolls of identify
 h - a scroll of immolation
 l - 3 scrolls of poison
 w - 2 scrolls of blinking
 B - a scroll of fog
 I - a scroll of silence
Potions
 d - 3 potions of might
 e - a potion of berserk rage
 n - 2 potions of resistance
 o - 5 potions of curing
 p - a potion of ambrosia
 A - a potion of haste {unknown}
 C - a potion of enlightenment
 H - a potion of magic {unknown}
 J - a potion of attraction {unknown}
 L - 2 potions of mutation
 M - a potion of heal wounds {unknown}


   Skills:
 * Level 9.6 Fighting
 * Level 15.3 Axes
 * Level 9.9 Armour
 * Level 4.2 Dodging
 * Level 4.9 Stealth
 * Level 8.0 Shields


You had 11 spell levels left.
You didn't know any spells.
Your spell library contained the following spells:

 Spells                   Type           Power      Damage    Failure   Level
 Kiss of Death            Conj/Necr      0%         2d5       99%         1
 Slow                     Hex            0%         N/A       99%         1
 Ensorcelled Hibernation  Hex/Ice        0%         N/A       100%        2
 Confusing Touch          Hex            0%         N/A       100%        3
 Gell's Gravitas          Tloc           0%         N/A       100%        3
 Passwall                 Erth           0%         N/A       100%        3
 Sigil of Binding         Hex            0%         N/A       100%        3
 Swiftness                Air            0%         N/A       100%        3
 Teleport Other           Tloc           0%         N/A       100%        3
 Vampiric Draining        Necr           0%         2d6       100%        3
 Dispel Undead            Necr           0%         3d6       100%        4
 Dispersal                Tloc           0%         N/A       100%        6


Dungeon Overview and Level Annotations

Branches:
Dungeon (12/15)            Temple (0/1) D:6            Lair (0/5) D:8
    Orc (0/2) D:10

Altars:
Ashenzari
Elyvilon
Fedhas
Gozag
Kikubaaqudgha
Makhleb
Nemelex Xobeh
Okawaru
Qazlal
Trog
Uskayaw
Vehumet
Wu Jian
Xom
Yredelemnul
Zin
The Shining One

Shops:
D:6 [   D:10 [

Portals:
Abyss: D:9

Annotations:
D:7 1 transporter, Tomate's ghost, novice MiBe
D:9 2 transporters, H0rd4k's ghost, novice HuAr
D:11 Frances
D:12 Nessos


Message History

You closely miss the manticore.
The manticore is severely wounded.
You hit Frances. Frances hits you with a +0 flail!
The manticore bites you but does no damage.
The manticore claws you but does no damage. x2
You barely miss the manticore.
The manticore is severely wounded.
You slash Frances!
Frances whispers indecipherable words.
The iron shot hits you!!
* * * LOW HITPOINT WARNING * * *
The manticore barely misses you. You block the manticore's attack.
The manticore claws you but does no damage.
You hit the manticore.
The manticore is almost dead.
You hit Frances.
Frances screams a word of power!
You slice the manticore!!
You kill the manticore!
You barely miss Frances. Frances hits you with a +0 flail.
* * * LOW HITPOINT WARNING * * *
You slash Frances!
Frances is moderately wounded.
Frances barely misses you. Frances hits you with a +0 flail!
* * * LOW HITPOINT WARNING * * *
You slice Frances!!
Frances is heavily wounded.
Frances hits you with a +0 flail!
* * * LOW HITPOINT WARNING * * *
You slash Frances!
Frances is severely wounded.
Frances mutters in a terrible tongue.
You slash Frances!
Frances is almost dead.
You slash the hellwing! Frances hits you with a +0 flail.
* * * LOW HITPOINT WARNING * * *
You hit Frances.
Frances is almost dead.
You barely miss the hellwing. Frances hits you with a +0 flail.
You die...

.###.######.##
#<#.# .....# #.#
#.#.# ###### #.#
#.#.# #.# #.#.#
##.## #.#.#
##...## #.#.#
#.....#### #.#.#
#....44@.# #.#.#
#..^.<##@# #.#.#
##...###4# #.#>#
#####...####.#.#
#........#.##
#...######..#
##..# ##.# #^.##
#.# #...# #.#
#### #.#.# #.#


You could see Frances (fast), 2 hellwings and an ice devil (summoned).

Vanquished Creatures
  A great orb of eyes (D:12)
  3 two-headed ogres
  Nergalle (D:11)
  Pikel (D:8)
  An oklob plant (D:10)
  2 ugly things (D:11)
  A manticore (D:11)
  2 cyclopes (D:12)
  The ghost of Tyszek the Cleaver, a novice MiMo of Okawaru (D:5)
  A gargoyle (D:12)
  Maggie (D:7)
  Jeremiah (D:8)
  A rime drake (D:7)
  3 kobold demonologists
  2 hornets
  Grinder (D:6)
  A shadow (D:12)
  A wyvern (D:7)
  3 wraiths
  Grum (D:8)
  A steam dragon (D:10)
  2 water moccasins
  4 orc warriors
  4 ice beasts (D:7)
  A black bear (D:6)
  7 wolves
  3 centaurs
  4 lemures (D:7)
  2 phantoms
  3 kobold brigands (D:11)
  2 bullfrogs
  3 gnoll sergeants
  2 scorpions
  3 wights (D:7)
  6 killer bees
  6 howler monkeys
  A hound (D:3)
  2 jellies
  8 orc priests
  A gnoll bouda (D:3)
  3 sleepcaps
  6 iguanas
  5 orc wizards
  17 gnolls
  11 adders
  3 shadow imps
  3 white imps
  4 dart slugs
  33 orcs
  7 ball pythons
  4 bats
  5 endoplasms
  5 giant cockroaches
  5 goblins
  8 hobgoblins
  5 jackals
  8 kobolds
  2 quokkas
  4 frilled lizards
  8 rats
240 creatures vanquished.

Notes
Turn   | Place    | Note
-------+----------+-------------------------------------------
     0 | D:1      | bobboooo the Hill Orc Fighter began the quest for the Orb.
     0 | D:1      | Reached XP level 1. HP: 19/19 MP: 1/1
    22 | D:1      | Reached XP level 2. HP: 25/27 MP: 2/2
   312 | D:1      | Reached skill level 3 in Axes
   312 | D:1      | Reached XP level 3. HP: 33/33 MP: 3/3
   871 | D:2      | Found a faded altar of an unknown god.
   891 | D:2      | Reached skill level 4 in Axes
   891 | D:2      | Reached XP level 4. HP: 40/40 MP: 4/4
  1643 | D:3      | Reached skill level 5 in Axes
  1643 | D:3      | Reached XP level 5. HP: 34/46 MP: 3/5
  2003 | D:3      | Reached skill level 6 in Axes
  2029 | D:3      | Reached XP level 6. HP: 48/53 MP: 6/6
  2965 | D:4      | Found a shimmering altar of Xom.
  2965 | D:4      | Noticed an angel
  2966 | D:4      | Found a glowing silver altar of Zin.
  2974 | D:4      | Became a worshipper of Zin the Law-Giver
  2974 | D:4      | Reached * piety under Zin
  3186 | D:4      | Reached XP level 7. HP: 44/60 MP: 4/7
  3189 | D:4      | Reached skill level 5 in Armour
  3360 | D:4      | Reached skill level 7 in Axes
  3539 | D:5      | Entered Level 5 of the Dungeon
  3573 | D:5      | Reached skill level 5 in Fighting
  3616 | D:5      | Reached skill level 8 in Axes
  3801 | D:5      | Found a runed translucent gate.
  3802 | D:5      | Found a runed translucent gate.
  3802 | D:5      | Found an opulent altar of Gozag.
  3802 | D:5      | Noticed Tyszek's ghost (novice MiMo)
  3803 | D:5      | Found a runed translucent gate.
  3877 | D:5      | Noticed a hornet
  3894 | D:5      | Killed a hornet
  3895 | D:5      | Reached XP level 8. HP: 17/68 MP: 1/8
  4336 | D:5      | Found a sparkling altar of Nemelex Xobeh.
  4346 | D:5      | Reached ** piety under Zin
  4687 | D:6      | Found a radiant altar of Vehumet.
  4726 | D:6      | Noticed Grinder
  4743 | D:6      | Killed Grinder
  4744 | D:6      | Reached skill level 9 in Axes
  4744 | D:6      | Reached skill level 5 in Shields
  4831 | D:6      | Reached *** piety under Zin
  4871 | D:6      | Found Imewnikh's Antique Armour Shop.
  4876 | D:6      | Bought a pair of embroidered gloves for 150 gold pieces
  4921 | D:6      | Reached skill level 1 in Dodging
  4921 | D:6      | Reached skill level 1 in Stealth
  5198 | D:6      | Found a staircase to the Ecumenical Temple.
  5326 | D:7      | Reached skill level 10 in Axes
  5366 | D:7      | Reached XP level 9. HP: 60/75 MP: 6/9
  5633 | D:7      | Found a transporter.
  5635 | D:7      | Noticed Tomate's ghost (novice MiBe)
  5635 | D:7      | Identified the +5 great mace "Giantslayer" {flame, rElec
                  | rN+ Str+3}
  5635 | D:7      | Noticed a two-headed ogre
  5842 | D:7      | Found a broken altar of Ashenzari.
  6383 | D:5      | Killed Tyszek's ghost
  6389 | D:5      | Reached **** piety under Zin
  6391 | D:5      | Reached ***** piety under Zin
  6444 | D:8      | Noticed Grum
  6455 | D:7      | Reached skill level 11 in Axes
  6557 | D:8      | Noticed a two-headed ogre
  6627 | D:8      | Noticed Pikel
  6627 | D:8      | Noticed Jeremiah
  6683 | D:8      | Noticed Maggie
  6691 | D:8      | Noticed a rime drake
  6888 | D:7      | Killed a rime drake
  6905 | D:7      | Killed Maggie
  6906 | D:7      | Reached skill level 12 in Axes
  6906 | D:7      | Reached XP level 10. HP: 34/84 MP: 5/10
  7090 | D:7      | Killed a two-headed ogre
  7403 | D:8      | Killed Jeremiah
  7466 | D:8      | Killed Pikel
  7467 | D:8      | Reached skill level 13 in Axes
  7510 | D:8      | Identified the ring "Axziof" {Wiz +Blink rElec Slay-6}
  7561 | D:8      | Found a staircase to the Lair.
  7628 | D:8      | Killed Grum
  8109 | D:9      | Found a transporter.
  8159 | D:7      | HP: 4/88 [poisoned by a killer bee]
  9116 | D:9      | Found a transporter.
  9135 | D:9      | Found a one-way gate to the infinite horrors of the Abyss.
  9135 | D:9      | Noticed H0rd4k's ghost (novice HuAr)
  9195 | D:9      | Noticed an occultist
  9195 | D:9      | Noticed a toenail golem
  9197 | D:9      | Noticed a toenail golem
  9206 | D:9      | Noticed a cyan ugly thing
  9206 | D:9      | Noticed a sun demon
  9260 | D:10     | Entered Level 10 of the Dungeon
  9422 | D:10     | Donated 230 gold pieces to Zin
  9447 | D:10     | Reached XP level 11. HP: 85/94 MP: 11/11
  9480 | D:10     | Found Soimnu's Armour Shop.
  9480 | D:10     | Found a staircase to the Orcish Mines.
  9485 | D:10     | Found an ancient bone altar of Kikubaaqudgha.
  9536 | D:10     | Found an iron altar of Okawaru.
  9644 | D:10     | Bought a +2 pair of boots for 198 gold pieces
  9680 | D:10     | Found a basalt altar of Yredelemnul.
  9682 | D:10     | Found a stormy altar of Qazlal.
  9734 | D:10     | Found a bloodstained altar of Trog.
  9734 | D:10     | Found an ornate altar of the Wu Jian Council.
  9735 | D:10     | Found a white marble altar of Elyvilon.
  9735 | D:10     | Found a glowing golden altar of the Shining One.
  9736 | D:10     | Found a hide-covered altar of Uskayaw.
  9817 | D:10     | Found a burning altar of Makhleb.
 10301 | D:10     | Found a blossoming altar of Fedhas.
 10315 | D:10     | Noticed an oklob plant
 10383 | D:10     | Killed an oklob plant
 10823 | D:11     | Noticed a red ugly thing
 10833 | D:11     | Noticed Nergalle
 10835 | D:11     | Killed a red ugly thing
 10836 | D:11     | Reached skill level 14 in Axes
 10900 | D:11     | Noticed a purple ugly thing
 10908 | D:11     | Killed a purple ugly thing
 10908 | D:11     | Reached ****** piety under Zin
 11143 | D:11     | Noticed a two-headed ogre
 11152 | D:11     | Killed a two-headed ogre
 11160 | D:11     | Noticed a two-headed ogre
 11225 | D:11     | Killed a two-headed ogre
 11401 | D:11     | Killed Nergalle
 11823 | D:12     | Noticed Nessos
 11833 | D:12     | Noticed a sun demon
 12358 | D:12     | Noticed a cyclops
 12362 | D:12     | Noticed a great orb of eyes
 12366 | D:12     | Killed a cyclops
 12367 | D:12     | Reached skill level 15 in Axes
 12372 | D:12     | Killed a great orb of eyes
 12396 | D:12     | Noticed a cyclops
 12409 | D:12     | Killed a cyclops
 12410 | D:12     | Reached XP level 12. HP: 78/105 MP: 9/12
 12435 | D:12     | Noticed Frances
 12729 | D:11     | HP: 2/105 [Frances/+0 flail (4)]
 12730 | D:11     | Slain by Frances

Illustrated notes

Levels and vault maps discovered:
D:1:      minmay_arrival_up_and_down, layout_rooms
D:2:      layout_loops_corners, ebering_ecumenical_altar_mist
D:3:      layout_basic, minivault_27, nicolae_grassy_gnolls
D:4:      wad_lake_hut, layout_basic, grunt_temple_overflow_order_and_chaos_1
D:5:      layout_basic, nemelex_xobeh_ov_fountains_minmay, ebering_ghost_gozag,
          dreamdust_princess_bridge
D:6:      layout_rooms, vehumet_crystals, minmay_temple_entry_junction_2,
          serial_shops, nicolae_square_shop, uniq_grinder
D:7:      layout_loops_corners, nicolae_ashenzari_panopticon,
          gammafunk_ghost_smash, skrybe_limestone_x
D:8:      layout_rooms, hellmonk_lair_entry_icy, uniq_pikel, uniq_jeremiah,
          uniq_maggie, uniq_grum
D:9:      layout_small_grid, gammafunk_ghost_abyssal_escape
D:10:     layout_long_grid, tgw_fedhas, amcnicky_altar_gilded,
          grunt_temple_overflow_open, mainiacjoe_overflow_alcove_4,
          mainiacjoe_overflow_cross_hatched, orc_david_3
D:11:     layout_loops_ring, uniq_nergalle
D:12:     layout_loops_ring, minmay_the_grid_2x2 [minmay_the_grid_x,
          minmay_the_grid_mess, minmay_the_grid_minigrid_large,
          minmay_the_grid_prize_inner_circle], uniq_nessos, uniq_frances

Skill      XL: |  1  2  3  4  5  6  7  8  9 10 11 |
---------------+----------------------------------+-----
Axes           | 3 4 5 6 8 10 12 13 15 | 15.3
Fighting       | 4 5 6 8 9 |  9.6
Armour         | 4 5 6 7 8 9 |  9.9
Shields        | 4 5 6 7 8 |  8.0
Dodging        | 1 2 3 4 |  4.2
Stealth        | 1 2 3 4 |  4.9

Action                     |  1- 3 |  4- 6 |  7- 9 | 10-12 || total
---------------------------+-------+-------+-------+-------++-------
  Melee: War axe           |    93 |   147 |   298 |   529 ||  1067
 Invoke: Donate Gold       |       |       |       |     1 ||     1
    Use: Scroll            |     4 |     3 |     5 |    15 ||    27
         Potion            |       |       |     1 |       ||     1
 Armour: Scale mail        |    55 |   107 |       |       ||   162
         Chain mail        |       |       |   137 |       ||   137
         Plate armour      |       |       |   142 |   411 ||   553
  Dodge: Dodged            |    40 |    69 |   132 |   176 ||   417
  Block: Buckler           |    22 |    39 |    91 |   137 ||   289
